 Dungeon Crawl Stone Soup version 0.26-a0-651-gb41185065b (webtiles) character file.

Game seed: 2001222770543283092

2762 Irenicus the Earth Mage (level 9, 18/68 HPs)
             Began as a Deep Dwarf Earth Elementalist on Oct 5, 2020.
             Was an Initiate of Makhleb.
             Quit the game on level 7 of the Dungeon.
             The game lasted 00:20:37 (2998 turns).

Irenicus the Earth Mage (DDEE)                      Turns: 2998, Time: 00:20:37

Health: 18/68      AC:  8    Str: 13    XL:     9   Next: 42%
Magic:  3/11       EV: 11    Int: 18    God:    Makhleb [......]
Gold:   156        SH:  0    Dex: 13    Spells: 1/12 levels left

rFire    . . .     SeeInvis .   t - +2 dagger (venom)
rCold    . . .     Faith    .   (no shield)
rNeg     . . .     Spirit   .   f - +0 ring mail
rPois    .         Reflect  .   (helmet restricted)
rElec    .         Harm     .   w - +1 cloak {MR+}
rCorr    .         Rampage  .   (no gloves)
MR       ++...                  y - +0 pair of boots
Stlth    +.........             (no amulet)
HPRegen  0.00/turn              (no ring)
MPRegen  0.12/turn              (no ring)

@: flying (expiring), non-regenerating, hasted, very quick
A: damage resistance, heal wounds, antennae 1, blurry vision 1, deterioration 1,
mutation resistance 1, sense surroundings 2, no regeneration
a: Heal Wounds, Renounce Religion


You were on level 7 of the Dungeon.
You worshipped Makhleb.
Makhleb was noncommittal.
You visited 2 branches of the dungeon, and saw 8 of its levels.

You collected 366 gold pieces.
You spent 210 gold pieces at shops.

Inventory:

Hand Weapons
 g - a +0 dagger
   (You took it off a goblin on level 1 of the Dungeon)
 t - a +2 dagger of venom (weapon)
   (You took it off a big kobold on level 4 of the Dungeon)
 u - a +0 dagger of draining
   (You found it on level 5 of the Dungeon)
Missiles
 b - 69 stones (quivered)
Armour
 f - a +0 ring mail (worn)
   (You found it on level 1 of the Dungeon)
 w - a +1 cloak of magic resistance (worn)
   (You bought it in a shop on level 5 of the Dungeon)
 y - a +0 pair of boots (worn)
   (You found it on level 6 of the Dungeon)
Wands
 k - a wand of disintegration (8)
   (You found it on level 2 of the Dungeon)
 v - a wand of iceblast (6)
   (You took it off Ijyb on level 5 of the Dungeon)
Scrolls
 a - 4 scrolls of teleportation
 d - 4 scrolls of identify
 i - 2 scrolls of remove curse
 m - 3 scrolls of enchant weapon
 o - a scroll of fog {unknown}
 r - a scroll of immolation {!r}
 s - a scroll of magic mapping {!r}
 x - a scroll of enchant armour
 z - 2 scrolls of fear {unknown}
 A - a scroll of blinking {!r}
Potions
 c - 4 potions of heal wounds
 e - 4 potions of curing
 h - 2 potions of stabbing
 j - 2 potions of cancellation
 n - a potion of berserk rage {!q}


   Skills:
 - Level 2.1 Dodging
 - Level 2.4 Stealth
 - Level 2.2 Spellcasting
 - Level 0.8 Transmutations
 + Level 16.0 Earth Magic


You had one spell level left.
You knew the following spells:

 Your Spells              Type           Power        Failure   Level
a - Sandblast             Erth           ######       1%          1
w - Passwall              Tmut/Erth      ####....     1%          2
x - Stone Arrow           Conj/Erth      ####..       4%          3
z - Lee's Rapid Deconstr  Erth           ######....   1%          5

Your spell library contained the following spells:

 Spells                   Type           Power        Failure   Level
 Animate Skeleton         Necr           #.....       36%         1
 Magic Dart               Conj           #...         36%         1
 Pain                     Necr           #...         36%         1
 Petrify                  Tmut/Erth      ####....     12%         4
 Blink                    Tloc           N/A          52%         2
 Call Imp                 Summ           #.......     52%         2
 Slow                     Hex            #.......     52%         2
 Conjure Flame            Conj/Fire      #.......     75%         3
 Mephitic Cloud           Conj/Pois/Air  #.......     75%         3
 Vampiric Draining        Necr           #.........   75%         3
 Animate Dead             Necr           #.........   98%         4
 Agony                    Necr           #.......     100%        5


Dungeon Overview and Level Annotations

Branches:
Dungeon (7/15)             Temple (1/1) D:7

Altars:
Cheibriados
Elyvilon
Hepliaklqana
Makhleb
Ru
Sif Muna
Trog
Uskayaw
Vehumet
Wu Jian
Xom
Zin
The Shining One

Shops:
D:5 [


Innate Abilities, Weirdness & Mutations

You are resistant to damage.
You can heal yourself by infusing magical energy.
You passively map the area around you.
You do not regenerate.
You have a pair of small antennae on your head.
Scrolls take you a little longer to read.
Your body sometimes deteriorates upon taking damage.
You are somewhat resistant to further mutation.


Message History

You are poisoned.
The scorpion poisons you!
You take 1 damage, and have 6/68 hp.
Casting: Sandblast (safe; 1% risk of failure)
Confirm with . or Enter, or press ? or * to list all spells.
Aiming: Sandblast (safe; 1% risk of failure)
Press: ? - help, Shift-Dir - straight line, f - scorpion
Aim: a scorpion The blast of sand hits the scorpion!!
You kill the scorpion!
Makhleb accepts your kill.
b - 73 stones You now have 2/12 mp.
d - 4 scrolls of identify (gained 1)
q - a silvery potion This spell is dangerous to cast!
Memorise Lee's Rapid Deconstruction, consuming 5 spell levels and leaving 4?
You start memorising the spell.
You continue memorising. x5
You finish memorising.
Spell assigned to 'z'.
This spell is dangerous to cast!
Memorise Stone Arrow, consuming 3 spell levels and leaving 1? [Y]es or [N]o only, please.
Memorise Stone Arrow, consuming 3 spell levels and leaving 1?
You start memorising the spell.
You continue memorising. x3
You finish memorising.
Spell assigned to 'x'.
You open the door.
Casting: Sandblast (safe; 1% risk of failure)
Confirm with . or Enter, or press ? or * to list all spells.
Okay, then.
Casting: Sandblast (safe; 1% risk of failure)
Confirm with . or Enter, or press ? or * to list all spells.
Press: ? - help, Dir - move target cursor A rock wall.
You begin to meditate on the wall.
You continue meditating on the rock.
You are no longer poisoned.
You continue meditating on the rock. x2
You finish merging with the rock.
Found a stone staircase leading down.
You now have 4/12 mp.
Casting: Passwall (safe; 1% risk of failure)
Confirm with . or Enter, or press ? or * to list all spells.
Press: ? - help, Dir - move target cursor A rock wall.
You begin to meditate on the wall.
You continue meditating on the rock. x3
You finish merging with the rock.
Found a stone staircase leading down.
You now have 3/12 mp.
It was a potion of flight.
You feel very buoyant.
You fly up into the air.
It was a potion of mutation.
You feel extremely strange.
Your vision blurs.
You feel yourself wasting away. A pair of antennae grows on your head!
You feel genetically stable.
It was a potion of haste.
You feel yourself speed up.
You reach down and open the door.
There is an open door here.
An ice beast comes into view.
Your magical essence is drained by the effort!
You feel much better.
You regained 12 hp, and now have 18/68 hp.
Casting: Passwall (safe; 1% risk of failure)
Confirm with . or Enter, or press ? or * to list all spells.
Aiming: Sandblast (safe; 1% risk of failure)
Press: ? - help, Shift-Dir - straight line, f - ice beast
Aim: an ice beast The blast of sand hits the ice beast!
The ice beast is moderately wounded.
b - 72 stones
Casting: Sandblast (safe; 1% risk of failure)
Confirm with . or Enter, or press ? or * to list all spells.
Aiming: Sandblast (safe; 1% risk of failure)
Press: ? - help, Shift-Dir - straight line, f/p - ice beast
Aim: an ice beast (moderately wounded)
The blast of sand hits the ice beast!
The ice beast is severely wounded.
b - 71 stones You now have 4/11 mp.
Casting: Sandblast (safe; 1% risk of failure)
Confirm with . or Enter, or press ? or * to list all spells.
Aiming: Sandblast (safe; 1% risk of failure)
Press: ? - help, Shift-Dir - straight line, f/p - ice beast
Aim: an ice beast (severely wounded)
The blast of sand hits the ice beast.
The ice beast is almost dead.
b - 70 stones The ice beast closely misses you.
You now have 3/11 mp.
Casting: Sandblast (safe; 1% risk of failure)
Confirm with . or Enter, or press ? or * to list all spells.
Aiming: Sandblast (safe; 1% risk of failure)
Press: ? - help, Shift-Dir - straight line, f/p - ice beast
Aim: an ice beast (almost dead)
The blast of sand hits the ice beast!
You kill the ice beast!
Makhleb accepts your kill.
Your Earth Magic skill increases to level 16!
b - 69 stones You now have 2/11 mp.
e - 4 potions of curing (gained 1)
You are starting to lose your buoyancy.
You have 156 gold pieces.
Are you sure you want to abandon this character and quit the game? (Confirm with "yes".)

,, , , ########### .
#####.........# .,....
##....)........####### ..#... ,,
...................... ..#>#. ,
.##....................
#.....####.#<....................
#....#.....#####................
#)....<#.......................
##....###.####@##############..
,##..........#.# #### ,
##....#.##...# ** * * ,.... ,
###.......... , , ,...> *
*#.###...##.##, , ##.. ,, ..
#...##.## ,, , , #.. ,
**#.##.......+ , *##+ ,..*
#..#....#.##, ,, ,
..####.#....#,# ,,,, , *,#.


There were no monsters in sight!

Vanquished Creatures
  Edmund (D:5)
  Duvessa (D:5)
  An orc warrior (D:6)
  2 ice beasts
  A phantom (D:5)
  3 sky beasts
  3 ogres
  2 centaurs (D:5)
  2 big kobolds
  A bullfrog (D:6)
  Dowan (D:5)
  2 scorpions
  6 killer bees (D:7)
  4 wights (D:6)
  A howler monkey (D:6)
  A quasit (D:5)
  2 hounds
  An orc priest (D:4)
  Ijyb (D:5)
  5 orc wizards
  A bullfrog skeleton (D:5)
  An iguana (D:5)
  Crazy Yiuf (D:3)
  2 worker ants
  A worker ant zombie (D:7)
  9 gnolls
  7 adders
  A white imp (D:4)
  An ooze (D:1)
  An adder skeleton (D:4)
  2 worms (D:3)
  A dart slug (D:2)
  4 leopard geckos
  10 orcs
  5 bats
  2 giant cockroaches
  9 hobgoblins
  7 jackals
  15 kobolds
  4 quokkas
  A ball python (D:3)
  4 frilled lizards
  11 goblins
  A quokka skeleton (D:5)
  7 rats
149 creatures vanquished.

Notes
Turn   | Place    | Note
-------+----------+-------------------------------------------
     0 | D:1      | Irenicus the Deep Dwarf Earth Elementalist began the quest
                  | for the Orb.
     0 | D:1      | Reached XP level 1. HP: 15/15 MP: 3/3
    90 | D:1      | Reached skill level 2 in Spellcasting
   153 | D:1      | Reached XP level 2. HP: 22/22 MP: 0/5
   259 | D:2      | Reached skill level 5 in Earth Magic
   273 | D:1      | Reached XP level 3. HP: 24/28 MP: 1/6
   383 | D:1      | Found a glowing golden altar of the Shining One.
   765 | D:2      | Learned a level 2 spell: Passwall
   840 | D:2      | Found a sacrificial altar of Ru.
   849 | D:2      | Noticed a sky beast
   851 | D:2      | Reached skill level 6 in Earth Magic
   856 | D:2      | Killed a sky beast
   856 | D:2      | Reached skill level 7 in Earth Magic
   856 | D:2      | Reached XP level 4. HP: 19/36 MP: 0/7
   856 | D:2      | Reached XP level 5. HP: 22/42 MP: 0/8
  1167 | D:3      | Found a white marble altar of Elyvilon.
  1292 | D:3      | Found a runed translucent door.
  1293 | D:3      | Noticed Crazy Yiuf
  1298 | D:3      | Killed Crazy Yiuf
  1298 | D:3      | Reached skill level 8 in Earth Magic
  1454 | D:4      | Reached XP level 6. HP: 47/49 MP: 3/9
  1500 | D:4      | Reached skill level 9 in Earth Magic
  1554 | D:4      | Found a snail-covered altar of Cheibriados.
  1587 | D:4      | Reached skill level 10 in Earth Magic
  1587 | D:4      | Reached XP level 7. HP: 52/55 MP: 1/10
  1726 | D:4      | Reached skill level 11 in Earth Magic
  1776 | D:5      | Entered Level 5 of the Dungeon
  1851 | D:5      | Noticed Ijyb
  1867 | D:5      | Killed Ijyb
  1898 | D:5      | Found Suottous's Antique Armour Boutique.
  1902 | D:5      | Bought a glowing cloak for 210 gold pieces
  1919 | D:5      | Reached skill level 12 in Earth Magic
  1933 | D:5      | Noticed Edmund
  1944 | D:5      | Killed Edmund
  1944 | D:5      | Reached XP level 8. HP: 45/62 MP: 1/11
  1973 | D:5      | Found a shimmering blue altar of Sif Muna.
  2050 | D:5      | HP: 15/62 [centaur/arrow (3)]
  2125 | D:5      | Noticed Duvessa
  2126 | D:5      | Reached skill level 13 in Earth Magic
  2128 | D:5      | Found a hazy altar of Hepliaklqana.
  2137 | D:5      | Killed Duvessa
  2182 | D:5      | Noticed Dowan
  2184 | D:5      | Killed Dowan
  2219 | D:5      | Found a glowing silver altar of Zin.
  2219 | D:5      | Noticed an angel
  2244 | D:5      | Reached skill level 14 in Earth Magic
  2298 | D:5      | Found a bloodstained altar of Trog.
  2574 | D:6      | Found a hide-covered altar of Uskayaw.
  2606 | D:6      | Found a shimmering altar of Xom.
  2666 | D:6      | Gained mutation: You passively map the area around you.
                  | [Deep Dwarf growth]
  2666 | D:6      | Reached XP level 9. HP: 31/68 MP: 7/12
  2746 | D:6      | Reached skill level 15 in Earth Magic
  2849 | D:7      | HP: 17/68 [killer bee (2)]
  2861 | D:7      | HP: 11/68 [gnoll/+0 club (4)]
  2866 | D:7      | HP: 7/68 [gnoll/+0 flail (2)]
  2887 | D:7      | Found a staircase to the Ecumenical Temple.
  2899 | Temple   | Entered the Ecumenical Temple
  2902 | Temple   | Became a worshipper of Makhleb the Destroyer
  2918 | D:7      | Found an ornate altar of the Wu Jian Council.
  2919 | D:7      | HP: 6/68 [scorpion (1)]
  2934 | D:7      | Learned a level 5 spell: Lee's Rapid Deconstruction
  2938 | D:7      | Learned a level 3 spell: Stone Arrow
  2964 | D:7      | Gained mutation: Scrolls take you a little longer to read.
                  | [potion of mutation]
  2964 | D:7      | Gained mutation: Your body sometimes deteriorates upon
                  | taking damage. [potion of mutation]
  2964 | D:7      | Gained mutation: You have a pair of small antennae on your
                  | head. [potion of mutation]
  2964 | D:7      | Gained mutation: You are somewhat resistant to further
                  | mutation. [potion of mutation]
  2987 | D:7      | Reached skill level 16 in Earth Magic
  2998 | D:7      | Quit the game

Illustrated notes

Levels and vault maps discovered:
D:1:      dpeg_arrival_rhombus, layout_loops_corners, kennysheep_flooded_box
D:2:      layout_loops_cross, nicolae_ru_sacrificial_ziggurat
D:3:      layout_rooms, elyvilon_altar_3, uniq_crazy_yiuf_cottage
D:4:      cheibrodos_thug_alley, layout_rooms, cheibriados_altar_1,
          nicolae_underground_beach
D:5:      layout_loops_ring, kennysheep_mini, lemuel_crystal_altar, zin_angel,
          serial_shops, shop, tgw_sif, uniq_edmund, uniq_duvessa, uniq_ijyb
D:6:      layout_gridville, eat_drink_and_be_merry_uskayaw, lemuel_round_altar,
          serial_glass, glass_columns_c, glass_columns_a
D:7:      layout_basic, nicolae_overflow_hidden_temple,
          minmay_temple_entry_waves, chequers_serial_rivers_micro_d,
          minmay_misc_feat_tower, nrook_mini_backslash, uniq_harold
Temple:   nicolae_temple_hex_pool

Skill      XL: |  1  2  3  4  5  6  7  8  9 |
---------------+----------------------------+-----
Spellcasting   | 2 |  2.2
Earth Magic    | 5 7 8 10 12 14 16 | 16.0
Dodging        | |  2.1
Stealth        | |  2.4
Transmutations | |  0.8

Action                   |  1- 3 |  4- 6 |  7- 9 || total
-------------------------+-------+-------+-------++-------
Melee: Whip              |    25 |       |       ||    25
       Dagger            |     7 |    41 |    62 ||   110
 Cast: Sandblast         |    46 |    45 |   109 ||   200
       Passwall          |     2 |     2 |    16 ||    20
 Abil: Heal Wounds       |       |     1 |     2 ||     3
Evoke: Wand              |       |     4 |     1 ||     5
  Use: Scroll            |       |       |    14 ||    14
       Potion            |       |       |     4 ||     4
 Stab: Sleeping          |     2 |       |     2 ||     4
       Distracted        |       |       |     1 ||     1
Armor: Ring mail         |    17 |    30 |    33 ||    80
Dodge: Dodged            |    30 |    43 |    72 ||   145

Table legend: (Time is in decaauts)
 A = Elapsed time spent in this place.
 B = Non-inter-level travel time spent in this place.
 C = Inter-level travel time spent in this place.
 D = Time resting spent in this place.
 E = Time spent auto-exploring this place.
 F = Levels seen in this place.
 G = Mean time per level.
                   A        B        C        D        E       F      G
               +--------+--------+--------+--------+--------+-----+--------+
         Total |   2988 |   2965 |     23 |      0 |      0 |   8 |  373.5 |
       Dungeon |   2980 |   2957 |     23 |      0 |      0 |   7 |  425.7 |
        Temple |      7 |      7 |      0 |      0 |      0 |   1 |    7.0 |
               +--------+--------+--------+--------+--------+-----+--------+

Top non-repeatable levels by time:
     D:5: 552 daAuts
     D:1: 545 daAuts
     D:2: 483 daAuts
     D:6: 471 daAuts
     D:3: 397 daAuts
     D:4: 352 daAuts
     D:7: 177 daAuts
  Temple: 7 daAuts

Table legend:
 A = Kills in this place as a percentage of kills in entire the game.
 B = Kills by you in this place as a percentage of kills by you in the entire game.
 C = Kills by friends in this place as a percentage of kills by friends in the entire game.
 D = Other kills in this place as a percentage of other kills in the entire game.
 E = Experience gained in this place as a percentage of experience gained in the entire game.
 F = Experience gained in this place divided by the number of levels of this place that you have seen.
                   A       B       C       D       E      F
               +-------+-------+-------+-------+-------+----------------------
         Total | 100.0 | 100.0 |   N/A |   N/A | 100.0 | 493.4
       Dungeon | 100.0 | 100.0 |   N/A |   N/A | 100.0 | 563.9
               +-------+-------+-------+-------+-------+----------------------
